 Dungeon Crawl Stone Soup version 0.19.4 (console) character file.

12390 Kloppie the Cleaver (level 11, -16/130 HPs)
             Began as a Minotaur Fighter on Feb 4, 2017.
             Was an Elder of Hepliaklqana.
             Demolished by a white ugly thing (33 damage)
             ... on level 11 of the Dungeon.
             The game lasted 00:15:10 (8716 turns).

Kloppie the Cleaver (Minotaur Fighter)              Turns: 8716, Time: 00:15:11

Health: -16/130    AC: 25    Str: 22    XL:     11   Next: 61%
Magic:  10/10      EV:  2    Int:  5    God:    Hepliaklqana [****..]
Gold:   411        SH: 13    Dex: 14    Spells: 0 memorised, 10 levels left

rFire  . . .     SeeInvis .     a - +1 war axe (elec)
rCold  . . .     Gourm    .     (armour currently unavailable)
rNeg   + + +     Faith    +     c - +0 shield
rPois  +         Spirit   .     (helmet currently unavailable)
rElec  .         Reflect  .     (cloak currently unavailable)
rCorr  .         Harm     .     (gloves currently unavailable)
MR     .....     NoTele   +     (boots currently unavailable)
Stlth  +.........               i - amulet of faith
                                t - ring of poison resistance
                                y - +3 ring of slaying (curse)

@: tree-form
A: (retaliatory headbutt), reduced essence, (horns 0), strong 1
a: Recall Ancestor, Ancestor Identity, Transference, Idealise, Renounce Religion


You were on level 11 of the Dungeon.
You worshipped Hepliaklqana.
Hepliaklqana was greatly pleased with you.
You were hungry.
You were a tree.
You visited 2 branches of the dungeon, and saw 12 of its levels.
You also visited: Ossuary and Bailey.

You collected 589 gold pieces.
You spent 178 gold pieces at shops.

Inventory:

Hand Weapons
 a - a +1 war axe of electrocution (weapon)
 b - the +12 flail "Culed" {speed, +Blink rN++}
   (You found it on level 5 of the Dungeon)

   Attacks with this weapon are significantly faster.
   It greatly protects you from negative energy.
   It lets you blink.
Armour
 c - a +0 shield (worn)
 o - +1 pearl dragon scales (melded)
 G - a +0 cloak of magic resistance (melded)
Jewellery
 i - an amulet of faith (around neck)
 t - a ring of poison resistance (right branch)
 y - a cursed +3 ring of slaying (left branch)
 B - an uncursed ring of see invisible
Wands
 e - a wand of digging (11/24)
 j - a wand of hasting (2/9)
 m - a wand of confusion (19/48)
 A - a wand of iceblast (7/15)
 C - a wand of iceblast (4/15)
 O - a wand of acid (11/15)
Scrolls
 h - 3 scrolls of remove curse
 s - 2 scrolls of identify
 w - 2 scrolls of fog
 x - a scroll of recharging
 D - a scroll of blinking
 I - a scroll of amnesia
 L - 3 scrolls of enchant weapon
 N - 2 scrolls of enchant armour
Potions
 d - 2 potions of might
 g - 3 potions of ambrosia
 k - a potion of haste
 l - a potion of magic
 p - 4 potions of curing
 q - a potion of agility
 u - a potion of cancellation
 F - a potion of flight
 Q - a potion of brilliance
Books
 H - a book of Power

   Spells                             Type                      Level
   a - Fulminant Prism                Conjuration/Hexes            4
   b - Iskenderun's Mystic Blast      Conjuration                  4
   c - Venom Bolt                     Conjuration/Poison           5
   d - Bolt of Magma                  Conjuration/Fire/Earth       5
   e - Iron Shot                      Conjuration/Earth            6
   f - Orb of Destruction             Conjuration                  7
   g - Spellforged Servitor           Conjuration/Summoning        7
 J - a book of Cantrips

   Spells                             Type                      Level
   a - Confusing Touch                Hexes                        1
   b - Animate Skeleton               Necromancy                   1
   c - Summon Small Mammal            Summoning                    1
   d - Apportation                    Translocation                1
 K - a book of Maledictions

   Spells                             Type                      Level
   a - Corona                         Hexes                        1
   b - Ensorcelled Hibernation        Hexes/Ice                    2
   c - Confuse                        Hexes                        3
   d - Tukima's Dance                 Hexes                        3
   e - Dazzling Spray                 Conjuration/Hexes            3
 M - the Incunabulum of Hurtful Changing
   (You found it on level 9 of the Dungeon)

   Spells                             Type                      Level
   a - Sting                          Conjuration/Poison           1
   b - Sticks to Snakes               Transmutation                2
   c - Sticky Flame                   Conjuration/Fire             4
   d - Lightning Bolt                 Conjuration/Air              5
   e - Orb of Destruction             Conjuration                  7
 P - a book of Air

   Spells                             Type                      Level
   a - Shock                          Conjuration/Air              1
   b - Swiftness                      Charms/Air                   2
   c - Repel Missiles                 Charms/Air                   2
   d - Static Discharge               Conjuration/Air              3
   e - Lightning Bolt                 Conjuration/Air              5
Comestibles
 f - 8 bread rations
 n - a meat ration
 r - 6 beef jerkies
 v - 8 slices of pizza
 E - 8 fruits


   Skills:
 * Level 9.0 Fighting
 + Level 12.6 Axes
 - Level 12.1 Armour
 - Level 11.9 Shields


You had 10 spell levels left.
You didn't know any spells.

Dungeon Overview and Level Annotations

Branches:
Dungeon (11/15)            Temple (1/1) D:4            Lair (0/6) D:11
    Orc: D:9-12

Altars:
Ashenzari
Cheibriados
Dithmenos
Elyvilon
Fedhas
Gozag
Hepliaklqana
Kikubaaqudgha
Makhleb
Nemelex Xobeh
Okawaru
Qazlal
Ru
Sif Muna
Trog
Uskayaw
Vehumet
Xom
Yredelemnul
The Shining One

Shops:
D:4 *   D:6 :


Innate Abilities, Weirdness & Mutations

((You reflexively headbutt those who attack you in melee.))
((You have a pair of horns on your head.))
Your life essence is reduced. (-10% HP)
Your muscles are strong. (Str +2)


Message History

The white ugly thing is severely wounded.
You swap places.
The white ugly thing trunk-slaps Tlalli but does no damage.
Tlalli hits the white ugly thing with a flail.
The white ugly thing trunk-slaps Tlalli.
The white ugly thing freezes Tlalli!
Tlalli resists.
Tlalli is destroyed!
You turn into a tree.
Your +0 cloak of magic resistance melds into your body.
Your +1 pearl dragon scales melds into your body.
You feel less resistant to hostile enchantments.
Your roots penetrate the ground.
The white ugly thing trunk-slaps you but does no damage.
You hit the white ugly thing.
The white ugly thing is severely wounded.
The white ugly thing trunk-slaps you.
* * * LOW HITPOINT WARNING * * *
The white ugly thing freezes you!!
You die...

# #.# #.# .#
##.## #.# ##
#.####...###.#
.#
#.............#
.#.
####...#####
#(# ##.## #.#
#.#
#.########.#
#...u♣.....#
############


You could see a white ugly thing.

Vanquished Creatures
  A frost giant (D:10)
  A stone giant (D:10)
  The ghost of Jerry the Cleaver, a journeyman FoFi of Kikubaaqudgha (D:8)
  Erica (D:9)
  A shock serpent (shapeshifter) (D:10)
  Pikel (D:5)
  2 hill giants (D:10)
  A manticore (D:10)
  The ghost of chimenez the Basher, a novice GrFi of Qazlal (D:6)
  A gargoyle (D:11)
  A meliai (D:10)
  Prince Ribbit (D:7)
  2 yaks (D:10)
  4 hogs (D:7)
  A wraith (D:10)
  A human (D:7)
  A vampire mosquito (D:10)
  Menkaure (D:7)
  Edmund (D:4)
  2 sky beasts
  An orc warrior (D:8)
  2 black bears (D:10)
  A necrophage (D:10)
  A phantom (D:5)
  A centaur (D:10)
  2 ogres
  An elf zombie (Ossuary)
  2 big kobolds
  2 bullfrogs
  2 scorpions
  A wyvern skeleton (D:8)
  7 wights
  A jelly (D:10)
  2 howler monkeys
  A centaur zombie (D:8)
  The ghost of Naow the Firebug, a weakling DEFE (D:3)
  2 quasits
  A bullfrog zombie (D:5)
  4 hounds
  2 orc priests (D:4)
  2 bullfrog skeletons
  2 centaur skeletons
  Crazy Yiuf (D:7)
  An iguana (D:9)
  6 orc wizards
  8 worker ants
  2 mummies (Ossuary)
  A worker ant zombie (D:7)
  Robin (D:2)
  A howler monkey skeleton (D:6)
  5 adders
  A river rat (D:11)
  A shadow imp (D:7)
  5 adder zombies
  3 worms
  3 dart slugs
  7 leopard geckos
  23 orcs
  5 giant cockroaches
  10 hobgoblins
  9 jackals
  21 kobolds
  2 quokkas
  8 bats
  5 frilled lizards
  22 goblins
  A goblin zombie (Ossuary)
  10 hobgoblin zombies (Ossuary)
  A jackal zombie (Ossuary)
  6 kobold zombies (Ossuary)
  8 orc zombies (Ossuary)
  2 quokka skeletons
  44 rats
  3 rat zombies (Ossuary)
  2 fungi (D:11)
295 creatures vanquished.

Vanquished Creatures (collateral kills)
  A hill giant (D:10)
  A cyclops (D:11)
  A yak (D:10)
  A sky beast (D:5)
  A big kobold (D:10)
  A scorpion (D:5)
  A wight (D:10)
  A jelly (D:10)
  3 orc wizards
  An adder zombie (Ossuary)
  A goblin (D:7)
  A jackal (D:6)
  A frilled lizard (D:4)
  A goblin zombie (Ossuary)
  3 kobolds
  2 kobold zombies (Ossuary)
  An orc zombie (Ossuary)
22 creatures vanquished.

Vanquished Creatures (others)
  2 knights
2 creatures vanquished.

Grand Total: 319 creatures vanquished

Notes
Turn   | Place    | Note
-------+----------+-------------------------------------------
     0 | D:1      | Kloppie the Minotaur Fighter began the quest for the Orb.
     0 | D:1      | Reached XP level 1. HP: 19/19 MP: 0/0
   132 | D:1      | Reached XP level 2. HP: 21/27 MP: 1/1
   460 | D:1      | Reached XP level 3. HP: 34/34 MP: 2/2
   716 | D:2      | Noticed Robin
   722 | D:2      | Reached skill level 5 in Fighting
   728 | D:2      | Killed Robin
   854 | D:2      | Reached XP level 4. HP: 40/42 MP: 3/3
   855 | D:2      | Found a bloodstained altar of Trog.
  1506 | D:3      | Noticed Naow's ghost (weakling DEFE)
  1508 | D:3      | Killed Naow's ghost
  1508 | D:3      | Reached XP level 5. HP: 43/51 MP: 4/4
  2176 | D:4      | Reached XP level 6. HP: 52/60 MP: 5/5
  2189 | D:4      | Found a staircase to the Ecumenical Temple.
  2194 | Temple   | Entered the Ecumenical Temple
  2245 | Temple   | Became a worshipper of Hepliaklqana the Forgotten
  2273 | D:4      | Found Jiclall's Assorted Antiques.
  2286 | D:4      | Bought an amethyst potion for 20 gold pieces
  2286 | D:4      | Bought a scroll labeled SEXTYF SIWISI for 23 gold pieces
  2286 | D:4      | Bought a ruby potion for 20 gold pieces
  2286 | D:4      | Bought a blackened cabochon amulet for 115 gold pieces
  2344 | D:4      | Found a basalt altar of Yredelemnul.
  2370 | D:4      | Noticed Edmund
  2383 | D:4      | Killed Edmund
  2436 | D:4      | Reached skill level 5 in Axes
  2684 | D:5      | Entered Level 5 of the Dungeon
  2709 | D:5      | Reached XP level 7. HP: 48/61 MP: 6/6
  2774 | D:5      | Reached * piety under Hepliaklqana
  2776 | D:5      | Got a translucent flail
  2777 | D:5      | Identified the +12 flail "Culed" {speed, +Blink rN++} (You found it on level 5 of the Dungeon)
  2923 | D:5      | Reached skill level 5 in Armour
  3298 | D:5      | Reached XP level 8. HP: 66/66 MP: 7/7
  3336 | D:5      | Noticed Pikel
  3350 | D:5      | Killed Pikel
  3378 | D:5      | Found an iron altar of Okawaru.
  3653 | D:6      | Reached ** piety under Hepliaklqana
  3654 | D:6      | Remembered your ancestor Tlalli as a knight
  3687 | D:6      | Noticed chimenez's ghost (novice GrFi)
  3700 | D:6      | Killed chimenez's ghost
  3700 | D:6      | Reached XP level 9. HP: 49/72 MP: 8/8
  3750 | D:6      | Found a sacrificial altar of Ru.
  3803 | D:6      | Found Niyfrouz's Book Boutique.
  3830 | D:6      | Reached skill level 10 in Armour
  3892 | D:7      | Noticed Menkaure
  3899 | D:7      | Killed Menkaure
  3910 | D:7      | Found a sand-covered staircase.
  3917 | Ossuary  | Entered an ossuary
  4129 | D:7      | Found an ancient bone altar of Kikubaaqudgha.
  4132 | D:7      | Found a flagged portal.
  4143 | Bailey   | Entered a bailey
  4151 | Bailey   | Noticed a deep elf mage
  4617 | D:7      | Noticed Prince Ribbit
  4624 | D:7      | Killed Prince Ribbit
  4777 | D:7      | Reached *** piety under Hepliaklqana
  4921 | D:7      | Found a runed door.
  5128 | D:7      | Noticed Crazy Yiuf
  5132 | D:7      | Killed Crazy Yiuf
  5300 | D:8      | Found a hide-covered altar of Uskayaw.
  5330 | D:8      | Noticed Jerry's ghost (journeyman FoFi)
  5362 | D:8      | Killed Jerry's ghost
  5362 | D:8      | Reached skill level 10 in Axes
  5362 | D:8      | Reached skill level 5 in Shields
  5362 | D:8      | Reached XP level 10. HP: 47/79 MP: 9/9
  5421 | D:8      | Gained mutation: Your muscles are strong. (Str +2) [potion of mutation]
  5421 | D:8      | Gained mutation: You have a pair of large horns on your head. [potion of mutation]
  5421 | D:8      | Lost mutation: You have a pair of large horns on your head. [potion of mutation]
  5666 | D:8      | Found an opulent altar of Gozag.
  5978 | D:9      | Noticed Erica
  5986 | D:9      | Killed Erica
  6087 | D:9      | Identified the Incunabulum of Hurtful Changing
  6168 | D:9      | Found a shadowy altar of Dithmenos.
  6199 | D:9      | Reached **** piety under Hepliaklqana
  6527 | D:10     | Entered Level 10 of the Dungeon
  6580 | D:10     | Found a runed door.
  6805 | D:10     | Noticed a shock serpent
  6818 | D:10     | Killed a shock serpent
  7001 | D:10     | Noticed a manticore
  7009 | D:10     | Killed a manticore
  7151 | D:10     | Noticed a stone giant
  7151 | D:10     | Noticed a frost giant
  7160 | D:10     | Killed a stone giant
  7160 | D:10     | Reached skill level 10 in Shields
  7160 | D:10     | Reached XP level 11. HP: 39/84 MP: 10/10
  7163 | D:10     | Killed a frost giant
  7436 | D:10     | Noticed a hill giant
  7442 | D:10     | Killed a hill giant
  7446 | D:10     | Got a creamy pearl robe
  7447 | D:10     | Identified the +1 robe "Yphy" {*Corrode rPois Str+9 Slay+2} (You found it on level 10 of the Dungeon)
  7821 | D:10     | Noticed a hill giant
  7835 | D:10     | Killed a hill giant
  8072 | D:10     | Noticed a hill giant
  8080 | D:10     | Killed a hill giant
  8636 | D:11     | Found a staircase to the Lair.
  8691 | D:11     | Noticed a white ugly thing
  8716 | D:11     | Demolished by a white ugly thing

Skill      XL: |  1  2  3  4  5  6  7  8  9 10 11 |
---------------+----------------------------------+-----
Fighting       | 4 5 6 7 8 9 |  9.0
Axes           | 3 4 5 6 8 10 11 12 | 12.6
Armour         | 6 9 12 | 12.1
Shields        | 5 10 11 | 11.9

Action                   |  1- 3 |  4- 6 |  7- 9 | 10-12 || total
-------------------------+-------+-------+-------+-------++-------
Melee: War axe           |    83 |   164 |   188 |   199 ||   634
       Headbutt          |    12 |    28 |    46 |    44 ||   130
       Flail             |       |       |    82 |       ||    82
Invok: Ancestor Life: Kn |       |       |     1 |       ||     1
       Recall Ancestor   |       |       |       |     2 ||     2
  Use: Potion            |       |     9 |     4 |     9 ||    22
       Scroll            |       |    11 |     8 |     3 ||    22
 Stab: Distracted        |       |     2 |     1 |     3 ||     6
  Eat: Chunk             |       |     6 |     6 |     6 ||    18
       Royal jelly       |       |       |     1 |       ||     1
       Meat ration       |       |       |       |     1 ||     1
Armor: Scale mail        |    21 |       |       |       ||    21
       Pearl dragon scal |    28 |    74 |   127 |    55 ||   284
       Skin              |       |       |       |     1 ||     1
Dodge: Dodged            |    29 |    30 |    54 |    58 ||   171
Block: Shield            |    52 |    72 |    82 |   101 ||   307
